Map: Lerilak Crest

Players

PiG - Winner!

  • Race: Zerg Zerg
  • League: Grandmaster

Robotnik

  • Race: Zerg Zerg
  • League: Master

VOD

Have the link to the VOD?

Description

Time

  • Played on: Jan. 28, 2016, 9:15 p.m.
  • Length: 8:23
Show
View Real Time Build Order
Export as new Build Order

PiG Zerg - Winner!

Build Orders: Hatch First 

Get SALT Encoding   

  12  0:02  Drone  
  13  0:13  Overlord  
  13  0:18  Drone  
  14  0:32  Drone x2  
  16  0:36  Drone  
  17  0:52  Hatchery  
  17  0:55  Drone  
  17  0:58  Drone  
  18  1:09  Extractor  
  17  1:12  Spawning Pool  
  17  1:15  Drone  
  17  1:21  Drone  
  18  1:29  Drone  
  19  1:41  Overlord  
  19  1:51  Drone  
  20  1:59  Queen  
  22  2:01  Zergling x2  
  22  2:04  Queen  
  22  2:05  Zergling x2  
  26  2:08  Metabolic Boost  
  26  2:12  Drone  
  27  2:21  Drone  
  28  2:31  Drone  
  28  2:32  Baneling Nest, Drone  
  29  2:44  Overlord  
  29  2:45  Drone x2  
  29  2:48  Drone  
  31  3:02  Drone x2, Hatchery  
  32  3:10  Drone x3  
  35  3:14  Drone  
  35  3:19  Overlord  
  36  3:24  Drone x3  
  39  3:31  Drone x2  
  41  3:34  Evolution Chamber  
  41  3:37  Evolution Chamber  
  41  3:40  Drone  
  40  3:44  Baneling x2  
  40  3:47  Drone  
  40  3:48  Extractor, Drone x3  
  44  3:49  Zergling x2  
  44  3:51  Zergling x2  
  44  3:54  Overlord  
  45  3:56  Zergling x2  
  45  4:02  Queen  
  48  4:08  Zerg Ground Armor Level 1  
  48  4:11  Zergling x6  
  48  4:16  Zerg Melee Weapons Level 1  
  50  4:33  Hatchery  
  50  4:36  Overlord  
  50  4:38  Queen, Drone  
  51  4:40  Zergling x2  
  51  4:41  Zergling x2  
  54  4:46  Baneling x2  
  54  4:54  Drone  
  54  4:55  Drone  
  54  4:56  Drone x7  
  63  5:02  Overlord  
  60  5:09  Lair  
  60  5:10  Drone x2  
  60  5:11  Drone x3  
  65  5:25  Overlord  
  65  5:32  Zergling x18  
  65  5:33  Roach Warren  
  65  5:34  Zergling x2  
  71  5:43  Zergling x6  
  71  5:48  Zergling x2  
  75  5:52  Baneling x2  
  75  6:00  Zergling x20  
  84  6:11  Zergling x2  
  85  6:20  Spire, Zergling x18  
  86  6:34  Zergling x6  
  86  6:35  Zergling x8  
  86  6:39  Drone x2  
  93  6:40  Extractor, Drone x3  
  94  6:49  Zergling x2  
  95  6:59  Zergling x2  
  95  7:00  Zergling x10  
  96  7:07  Zergling x2  
  93  7:09  Zergling x6  
  93  7:10  Zergling x2  
  93  7:11  Zergling x2  
  93  7:27  Overlord x2  
  93  7:28  Overlord x4  
  93  7:39  Mutalisk  
  93  7:42  Zergling x2  
  93  7:43  Overlord  
  96  7:45  Mutalisk x7  
  108  7:56  Mutalisk  
  103  8:02  Zergling x22  
Show
View Real Time Build Order
Export as new Build Order

Robotnik Zerg 

Build Orders: Hatch First 

Get SALT Encoding   

  12  0:01  Drone  
  13  0:12  Overlord  
  13  0:17  Drone  
  14  0:31  Drone x2  
  14  0:35  Drone  
  17  0:53  Hatchery  
  17  0:55  Drone  
  17  0:58  Drone  
  18  1:05  Extractor  
  18  1:07  Drone  
  18  1:19  Drone  
  18  1:20  Spawning Pool  
  18  1:28  Drone  
  19  1:39  Overlord  
  19  1:50  Drone  
  20  2:06  Drone x2  
  20  2:07  Queen x2  
  26  2:08  Metabolic Boost  
  26  2:11  Zergling x2  
  27  2:16  Drone  
  27  2:22  Drone  
  29  2:28  Baneling Nest  
  29  2:29  Drone  
  29  2:38  Zergling x4  
  29  2:43  Spine Crawler  
  30  2:47  Queen  
  32  3:00  Drone x4  
  36  3:06  Overlord  
  36  3:07  Evolution Chamber  
  36  3:11  Overlord  
  35  3:15  Baneling x2  
  35  3:23  Zergling x2  
  35  3:26  Zergling x4  
  35  3:27  Zergling x2  
  39  3:29  Drone x3  
  39  3:30  Drone  
  39  3:34  Zerg Melee Weapons Level 1  
  43  3:49  Hatchery  
  43  3:53  Drone x3  
  45  4:03  Roach Warren  
  44  4:13  Drone x4  
  44  4:14  Drone x3  
  51  4:21  Lair  
  51  4:23  Overlord  
  51  4:28  Zergling x2  
  51  4:30  Baneling x2  
  51  4:33  Overlord  
  51  4:35  Baneling x2  
  51  4:38  Spine Crawler  
  49  4:44  Roach  
  51  4:46  Zergling x6  
  51  4:47  Zergling x4  
  56  4:54  Overlord  
  56  4:56  Overlord, Extractor  
  56  4:58  Extractor  
  54  5:09  Roach x2  
  54  5:11  Queen, Drone x4  
  64  5:16  Queen  
  66  5:34  Drone x2  
  66  5:35  Drone x2  
  64  5:37  Queen  
  64  5:38  Zerg Missile Weapons Level 1  
  64  5:41  Zergling x6  
  69  5:54  Roach  
  69  5:55  Roach x4  
  79  6:05  Baneling  
  79  6:07  Zergling x2  
  79  6:08  Zergling x4  
  81  6:13  Roach  
  81  6:16  Drone x2  
  72  6:27  Roach x7  
  72  6:30  Queen  
  85  6:36  Roach x2  
  85  6:39  Overlord x2  
  79  6:56  Roach  
  79  6:57  Roach x3  
  79  7:00  Glial Reconstitution  
  78  7:05  Drone  
  78  7:06  Drone x2  
  77  7:19  Drone x5  
  81  7:25  Baneling  
  81  7:26  Baneling x3  
  80  7:33  Overlord  
  80  7:38  Roach x2  
  84  7:52  Roach x2  
  84  7:53  Roach x2  
  84  7:54  Zergling x2  
  84  7:55  Zergling x2  
  89  8:02  Roach x2  
Tags
 
Add a new tag
Caveats
  • Supply blocks, unpowered buildings, or Contaminate may cause inaccurate times.
  • Supply counts are checked every 10 seconds.